details: 'euro cucks'

« prev index next »

General information

Mini Map

Players

team 1
HumanGINGLY (green | 28 APM | 388 actions | 13:51)

» actions
Assign group hotkey1
Basic commands4
Build / train65
Enter build submenu79
Right click24
Select / deselect138
Use ability77
388 total
» units
Peasant31
Peon14
45 total
» upgrades
Masonry3
Spiked Barricades1
4 total
» buildings
Altar of Kings1
Farm16
Lumber Mill2
War Mill1
Orc Burrow1
Scout Tower40
Watch Tower10
Guard Tower15
Keep1
87 total
» build order
00:22 Altar of Kings
01:39 Farm
01:44 Lumber Mill
01:53 Lumber Mill
01:55 Farm
02:01 War Mill
02:19 Farm
02:33 Farm
02:36 Orc Burrow
02:59 Scout Tower
03:00 Scout Tower
03:10 Scout Tower
03:11 Scout Tower
03:13 Scout Tower
03:15 Scout Tower
03:44 Scout Tower
03:46 Scout Tower
03:47 Scout Tower
03:49 Scout Tower
04:01 Watch Tower
04:02 Watch Tower
04:09 Scout Tower
04:13 Guard Tower
04:22 Scout Tower
04:22 Scout Tower
04:23 Scout Tower
04:24 Scout Tower
04:27 Guard Tower
04:27 Guard Tower
04:32 Watch Tower
04:37 Guard Tower
04:37 Guard Tower
05:06 Scout Tower
05:07 Scout Tower
05:08 Watch Tower
05:09 Watch Tower
05:12 Guard Tower
05:14 Guard Tower
05:36 Guard Tower
05:41 Watch Tower
05:45 Scout Tower
05:46 Scout Tower
05:59 Scout Tower
06:01 Scout Tower
06:12 Watch Tower
06:17 Watch Tower
06:21 Scout Tower
06:22 Scout Tower
06:27 Guard Tower
06:45 Guard Tower
06:53 Guard Tower
06:56 Scout Tower
06:57 Scout Tower
06:57 Scout Tower
06:58 Scout Tower
07:09 Watch Tower
07:19 Watch Tower
07:31 Guard Tower
07:33 Scout Tower
07:34 Scout Tower
07:35 Scout Tower
07:36 Scout Tower
08:08 Scout Tower
08:09 Scout Tower
08:10 Scout Tower
08:12 Scout Tower
08:22 Guard Tower
08:48 Guard Tower
08:52 Scout Tower
08:52 Scout Tower
08:53 Scout Tower
08:54 Scout Tower
08:56 Keep
09:01 Scout Tower
09:38 Guard Tower
13:06 Farm
13:07 Farm
13:08 Farm
13:13 Farm
13:13 Farm
13:14 Farm
13:14 Farm
13:15 Farm
13:46 Farm
13:46 Farm
13:47 Farm
13:48 Farm
Humancryptowh0re. (teal | 66 APM | 39 actions | 00:35)

» actions
Assign group hotkey1
Build / train3
Enter build submenu2
Right click17
Select / deselect12
Select group hotkey1
Use ability3
39 total
» units
Peasant3
3 total
» buildings
Altar of Kings1
Farm1
2 total
» build order
00:14 Altar of Kings
00:15 Farm
HumanCarryMe2Victory (red | 0 APM | 3 actions | 13:53)

» actions
Select / deselect3
3 total
Random» OrcKOPPES-MUSICPRO (blue | 42 APM | 33 actions | 00:47)

» actions
Build / train3
Enter build submenu2
Right click19
Select / deselect7
Use ability2
33 total
» units
Peon3
3 total
» buildings
Altar of Storms1
Orc Burrow1
2 total
» build order
00:15 Altar of Storms
00:42 Orc Burrow
team 2
Random» Orcziii (pink | 37 APM | 519 actions | 13:51)
Hero icon 4 Far Seer
Ability icon 2 Feral Spirit
Ability icon 2 Chain Lighting

» actions
Basic commands5
Build / train41
Enter build submenu21
Enter hero's abilities submenu4
Remove unit from queue1
Right click260
Select / deselect168
Use ability19
519 total
» units
Peon9
Grunt14
Demolisher8
31 total
» buildings
Orc Burrow7
Barracks3
Altar of Storms1
Voodoo Lounge1
Stronghold2
War Mill1
Great Hall1
16 total
» build order
00:19 Orc Burrow
00:51 Barracks
01:13 Altar of Storms
01:17 Orc Burrow
01:35 Voodoo Lounge
02:38 Orc Burrow
03:38 Orc Burrow
05:23 Stronghold
05:24 Stronghold
07:04 Barracks
07:22 War Mill
07:25 Orc Burrow
07:50 Barracks
07:56 Orc Burrow
07:58 Orc Burrow
12:27 Great Hall
» items
Scroll of Speed1
1 total
Random» NightElfSwissAlps (orange | 49 APM | 681 actions | 13:51)
Hero icon 3 Demon Hunter
Ability icon 2 Mana Burn
Ability icon 1 Evasion
Hero icon 1 Naga Sea Witch
Ability icon 1 Frost Arrows

» actions
Assign group hotkey6
Build / train37
Enter build submenu17
Enter hero's abilities submenu5
Right click334
Select / deselect157
Select group hotkey99
Use ability26
681 total
» units
Wisp19
Glaive Thrower9
28 total
» upgrades
Vorpal Blades1
1 total
» buildings
Moon Well6
Altar of Elders1
Ancient of Wonders1
Tree of Ages1
Hunter's Hall1
Ancient Protector2
Tree of Eternity1
Ancient of Lore2
Ancient of War3
18 total
» build order
00:19 Moon Well
00:33 Altar of Elders
01:09 Moon Well
02:07 Ancient of Wonders
03:00 Tree of Ages
03:07 Hunter's Hall
03:44 Moon Well
04:03 Moon Well
04:06 Moon Well
04:32 Moon Well
04:44 Ancient Protector
04:47 Ancient Protector
05:22 Tree of Eternity
05:37 Ancient of Lore
05:41 Ancient of Lore
07:56 Ancient of War
07:58 Ancient of War
08:01 Ancient of War
NightElfChillaxer (yellow | 34 APM | 466 actions | 13:51)
Hero icon 5 Priestess of the Moon
Ability icon 2 Searing Arrows
Ability icon 3 Trueshot Aura

» actions
Assign group hotkey41
Basic commands49
Build / train48
Enter build submenu14
Enter hero's abilities submenu5
Give item / drop item3
Remove unit from queue1
Right click153
Select / deselect96
Select group hotkey41
Use ability15
466 total
» units
Wisp15
Huntress19
Archer1
Glaive Thrower4
39 total
» upgrades
Vorpal Blades1
1 total
» buildings
Moon Well7
Altar of Elders1
Hunter's Hall1
Ancient of War2
Ancient of Wonders1
Tree of Life1
Tree of Ages1
14 total
» build order
00:28 Moon Well
01:35 Altar of Elders
01:40 Hunter's Hall
01:53 Ancient of War
02:06 Ancient of War
02:17 Moon Well
02:37 Moon Well
03:11 Ancient of Wonders
03:21 Moon Well
05:53 Tree of Life
06:46 Tree of Ages
08:13 Moon Well
10:40 Moon Well
12:50 Moon Well
UndeadGalaheris (purple | 40 APM | 551 actions | 13:51)
Hero icon 3 Death Knight
Ability icon 1 Death Coil
Ability icon 2 Unholy Aura
Hero icon 2 Lich
Ability icon 1 Frost Nova
Ability icon 1 Frost Armor

» actions
Assign group hotkey16
Basic commands14
Build / train30
Enter build submenu11
Enter hero's abilities submenu5
Right click145
Select / deselect81
Select group hotkey228
Use ability21
551 total
» units
Acolyte2
Ghoul7
Crypt Fiend3
Meatwagon5
17 total
» upgrades
Web1
Creature Attack1
Unholy Strength2
4 total
» buildings
Ziggurat6
Crypt1
Altar of Darkness1
Graveyard1
Tomb of Relics1
Halls of the Dead1
Slaughterhouse1
Black Citadel1
13 total
» build order
00:08 Ziggurat
00:13 Crypt
00:18 Altar of Darkness
01:09 Graveyard
01:49 Ziggurat
02:21 Tomb of Relics
03:12 Halls of the Dead
04:55 Ziggurat
05:28 Ziggurat
05:51 Slaughterhouse
06:45 Ziggurat
11:56 Black Citadel
11:58 Ziggurat

Chat log

(00:10 / All) GINGLY: takbir my brothers, me muslim
(00:22 / All) Chillaxer: cuz octa
(00:26 / Allies) CarryMe2Victory: Carry me to victory by the strength of Allah!
(00:35 / All) GINGLY: ALLAHU AKBAR GIVE ME MY DISCO MONEY MAMA MERKEL PROMISED TO US MUSLIM
(00:39 / All) GINGLY: IF NO GIVE MONEY ITS RACIST
(00:51 / All) Galaheris: i thought 12 year olds wouldnt be playing this game. huh
(00:58 / All) Chillaxer: you not muslim for shut g
(00:58 / All) GINGLY: GALA PENIS
(01:07 / All) CarryMe2Victory: Rapefugees welcome
(01:21 / All) GINGLY: WE WILL SODOMIZE U LIKE WE MUSLIMS SODOMIZED FRANCE

(03:17 / All) CarryMe2Victory: All the good German blood died in the wars, all that's left is hermaphrodites

(04:47 / All) CarryMe2Victory: They allow their women to be raped and their lands colonized, then pay through taxes for their invader's shelter and meals
(04:56 / All) CarryMe2Victory: In Sweden they house them in mansions
(04:59 / All) GINGLY: WE THROW JEW OFF ROOF HOMOSEX STYLE
(04:59 / All) ziii: stfu u asshole u got no idea about politics
(05:08 / All) CarryMe2Victory: Where do you live
(05:11 / All) ziii: u ugly faggot, stop talking about shit u dont know anything about
(05:20 / All) CarryMe2Victory: Are you a rapefugee
(05:26 / All) GINGLY: ME MUSLIM
(05:27 / All) ziii: i am a person with a brain
(05:27 / All) CarryMe2Victory: Or just a cuck?
(05:29 / All) GINGLY: HONOR CITIZEN
(05:33 / All) GINGLY: MUSLIM IS THE NEW NIGGER
(05:38 / All) Chillaxer: enta la muslim, enta maniak kebir
(05:43 / All) CarryMe2Victory: You've been sipping too many soy lattes
(05:54 / All) CarryMe2Victory: Now you like watching your fat girlfriend get spitroasted by Syrian "youths":
(05:57 / All) ziii: poor guy that needs attention or whats going on?
(06:08 / All) GINGLY: IM GONNA LAY THE FUCK SMACK ON YOU
(06:23 / All) ziii: red is actually the poorest person in this game, not even green
(06:29 / All) CarryMe2Victory: That Europe is being colonized by 80 IQ subhumans and Europeans are cheering it on?
(06:29 / All) ziii: cause green is simply a child
(06:34 / All) GINGLY: BUT PINK IS THE HOMO
(06:42 / All) GINGLY: RUN LIKE FRANCE AGAINST MUSLIM ORAN
(06:50 / All) ziii: well, no need to keep talking to a person without a brain, red :)) so goodbye darling
(07:03 / All) GINGLY: PINK IS PERSON WITHOUT PENIS
(07:14 / All) CarryMe2Victory: Are you the fat pig that gets gangbanged while your fat cuck boyfriend watches?
(08:06 / All) CarryMe2Victory: Pink is either a sodomite or a fat pig woman
(08:19 / All) GINGLY: ITS RACIST IF NO GIVE ANUS TO ME MUSLIM
(08:27 / All) GINGLY: MERKEL SAY SO
(09:14 / All) GINGLY: GALA PENIS
(09:25 / All) GINGLY: RUN YELLOW FRANCE STYLE

(11:29 / All) CarryMe2Victory: Come on in, rapefugees welcome
(11:38 / All) GINGLY: GIVE ANUS AND DISCO MONEY
(11:42 / All) GINGLY: DONT BE RACIST
(11:55 / All) GINGLY: OR MAMA MERKEL GET SAND IN VAGINA
(12:03 / All) CarryMe2Victory: This is a reenactment of Europe's colonization by 80 IQ savages including weak boned Somalians
(12:15 / All) GINGLY: BUT SOMALIS HAVE BIG PENIS
(12:19 / All) GINGLY: AIDS TOO
(12:53 / All) Galaheris: so are you two fuckers from the same clan or what? no way its a coincidence that we have to suffer retardness at this level
(13:01 / All) GINGLY: LOL GALA PENIS
(13:13 / All) CarryMe2Victory: We are both rapefugees, are we welcome?
(13:16 / All) ziii: must actually be a poor life to spend your time on wc3 talking about refugees XD
(13:20 / All) Galaheris: what makes me laugh is you 12 year olds would cry if ever faced with a true refugee'
(13:25 / All) GINGLY: ZII PENIS
(13:30 / All) ziii: true purple :)
(13:35 / All) GINGLY: YES OUR ANUS WILL BE SODOMIZED BY REFUGEE
(13:39 / All) CarryMe2Victory: Yeah 90 lb somalian so scary
(13:44 / All) Galaheris: refugees for lyfe!
(13:49 / All) CarryMe2Victory: rapefugees welcome